Kings vs Blues

Created - Wednesday, December 17, 2014 at 01:53

Goals
1 2 3 T
Kings 0 0 2 2
Blues 0 1 2 3
Shots
1 2 3 T
Kings 4 12 14 30
Blues 8 2 11 21

1st period

No Goal

Penalties :
Adam McQuaid (LA ) for Slashing (Minor) at 3:13, Rick Nash (StL) for Roughing (Minor) at 13:21, Steve Ott (StL) for Tripping (Minor) at 18:17

2nd period

1. Blues , Brandon Saad 6 (Zdeno Chara, Henrik Lundqvist) at 10:07 (PP)

Penalties :
John Erskine (LA ) for Roughing (Minor) at 8:44, Kevan Miller (StL) for High sticking (Minor) at 12:34, Andrew Desjardins (StL) for Hooking (Minor) at 18:15

3rd period

2. Blues , Johan Franzen 5 (Sean Couturier) at 1:38
3. Blues , Cam Atkinson 4 (Bryan Allen) at 11:01
4. Kings , Tomas Kopecky 4 (Keith Yandle, Ryan Johansen) at 13:01
5. Kings , Cam Fowler 4 (Duncan Keith, Milan Lucic) at 14:51 (PP)

Penalties :
Steve Ott (StL) for Hooking (Minor) at 14:44, Ladislav Smid (LA ) for Tripping (Minor) at 19:16

Goalie Stats

Jonas Gustavsson (LA ), 18 saves from 21 shots - (0.857), L, 0-3-0, 60:00 minutes
Henrik Lundqvist (StL), 28 saves from 30 shots - (0.933), W, 16-6-3, 60:00 minutes

Players Stats for Kings

Player Name              G  A  P  +/- PIM S  H  SB GA TA FO     MP     PP MP  PK MP  
------------------------------------------------------------------------------------
Adam McQuaid             0  0  0  -1  2   0  0  0  0  1  0/0    13:58   0:00   1:29 
Brenden Morrow           0  0  0   0  0   0  1  0  0  0  0/1    15:38   0:07   0:00 
Cam Fowler               1  0  1   0  0   3  0  1  2  3  0/0    19:10   4:48   0:00 
Carl Soderberg           0  0  0  -1  0   0  0  0  0  1  1/2    20:50   2:55   0:41 
Duncan Keith             0  1  1   0  0   5  1  0  0  5  0/0    26:34   4:48   2:02 
Henrik Tallinder         0  0  0   0  0   0  0  0  0  0  0/0     5:55   0:00   0:33 
John Erskine             0  0  0  -1  2   2  0  0  0  1  0/0    12:10   0:00   0:00 
Keith Yandle             0  1  1   0  0   8  0  2  0  2  0/0    21:15   3:15   2:03 
Ladislav Smid            0  0  0   0  2   1  2  5  0  2  0/0    21:14   3:15   2:03 
Matt Cullen              0  0  0   0  0   1  0  0  1  0  1/1    14:44   0:00   0:00 
Mika Zibanejad           0  0  0   0  0   3  2  0  1  1  0/1    19:13   5:01   0:00 
Milan Lucic              0  1  1   0  0   1  2  0  1  0  1/1    20:13   5:01   0:41 
Ryan Johansen            0  1  1  -1  0   1  3  0  4  1  4/7    17:14   3:02   3:24 
Ryan Malone              0  0  0   0  0   0  1  0  0  0  0/0     8:38   0:00   0:25 
Tomas Kopecky            1  0  1  -1  0   2  2  0  0  1  0/1    13:50   3:02   0:00 
Tyler Seguin             0  0  0   0  0   2  1  0  3  0  9/19   22:43   5:01   2:59 
Vincent Trocheck         0  0  0   0  0   1  4  1  2  2  3/6    14:44   0:00   0:00 
Vladislav Namestnikov    0  0  0   0  0   0  0  0  0  0  1/3     7:49   0:00   0:00 

Players Stats for Blues

Player Name              G  A  P  +/- PIM S  H  SB GA TA FO     MP     PP MP  PK MP  
------------------------------------------------------------------------------------
Anders Lee               0  0  0   0  0   0  1  0  0  0  0/1     9:19   2:06   0:00 
Andrew Desjardins        0  0  0   0  2   0  1  1  0  0  1/3     8:18   0:00   0:13 
Artem Anisimov           0  0  0   1  0   0  1  0  1  0  0/0    13:34   0:00   0:00 
Brandon Saad             1  0  1   0  0   4  0  0  3  0  0/0    18:24   1:59   3:59 
Bryan Allen              0  1  1   0  0   0  3  1  1  2  0/0    24:19   0:00   4:10 
Cam Atkinson             1  0  1   1  0   4  0  0  5  0  0/1    14:19   0:00   0:00 
Hampus Lindholm          0  0  0  -1  0   1  0  0  1  1  0/0     5:33   1:51   0:00 
Joe Vitale               0  0  0   1  0   1  1  0  1  0  9/13   18:25   0:00   3:51 
Johan Franzen            1  0  1   0  0   1  0  0  3  1  0/0    20:49   2:06   4:04 
Josh Gorges              0  0  0   1  0   1  0  2  1  1  0/0    22:59   2:14   4:55 
Kevan Miller             0  0  0   1  2   0  1  2  0  2  0/0    18:33   0:00   2:56 
Mark Fayne               0  0  0   0  0   0  1  0  0  0  0/0    11:53   0:00   0:00 
Matt Donovan             0  0  0   0  0   1  2  0  1  0  0/0    14:16   1:51   0:24 
Rick Nash                0  0  0   0  2   3  0  0  2  0  0/0    16:10   1:59   0:00 
Sean Couturier           0  1  1   0  0   0  1  3  3  0  9/18   20:28   1:59   3:59 
Steve Ott                0  0  0   0  4   3  2  0  1  0  3/6    12:20   0:00   0:00 
Tomas Tatar              0  0  0   0  0   1  1  0  2  0  0/0    19:47   2:06   0:00 
Zdeno Chara              0  1  1   1  0   1  0  5  0  4  0/0    22:26   2:14   3:41 

3 Stars

1 - Cam Atkinson (StL)
2 - Cam Fowler (LA )
3 - Henrik Lundqvist (StL)

Power Play

Kings - 1 on 5 Attempt(s) - 20.00%
Blues - 1 on 3 Attempt(s) - 33.33%

Penalty Kill

Kings - 2 on 3 Attempt(s) - 66.67% - Score 0 goal in Penalty Kill
Blues - 4 on 5 Attempt(s) - 80.00% - Score 0 goal in Penalty Kill

Official

Referees : Unknown
Linesman : Unknown

Game Notes

No Game Note

Finance

Level 1 -- Attendance: 6000 (100.00%) -- Ticket Income $522,000
Level 2 -- Attendance: 3966 (79.32%) -- Ticket Income $237,960
Level 3 -- Attendance: 1427 (71.35%) -- Ticket Income $49,945
Level 4 -- Attendance: 2838 (70.95%) -- Ticket Income $62,436
Luxury Box -- Attendance: 983 (98.30%) -- Ticket Income $165,144
Game was played at the Savis Center
Total Attendance: 15214 (84.52%)
Total Ticket Income: $1,037,485
Other Income: $508,368
Total Income: $1,545,853

Kings

5 vs 5 Forward 
   Center                   Left Wing                Right Wing               Time % Phy DF OF 
 1 Tyler Seguin             Milan Lucic              Mika Zibanejad           35     1   2  2  
 2 Ryan Johansen            Tomas Kopecky            Carl Soderberg           30     1   2  2  
 3 Vincent Trocheck         Brenden Morrow           Matt Cullen              22     1   2  2  
 4 Vladislav Namestnikov    Ryan Malone              Carl Soderberg           13     1   2  2  

5 vs 5 Defense 
   Defense                  Defense                                           Time % Phy DF OF 
 1 Duncan Keith             Cam Fowler                                        35     1   2  2  
 2 Keith Yandle             Ladislav Smid                                     30     1   2  2  
 3 John Erskine             Adam McQuaid                                      22     1   2  2  
 4 Duncan Keith             Henrik Tallinder                                  13     1   2  2  

PowerPlay Forward 
   Center                   Left Wing                Right Wing               Time % Phy DF OF 
 1 Tyler Seguin             Milan Lucic              Mika Zibanejad           60     1   2  2  
 2 Ryan Johansen            Tomas Kopecky            Carl Soderberg           40     1   2  2  

PowerPlay Defense
   Defense                  Defense                                           Time % Phy DF OF 
 1 Duncan Keith             Cam Fowler                                        60     1   2  2  
 2 Keith Yandle             Ladislav Smid                                     40     1   2  2  

Penalty Kill 4 Players Forward 
   Center                   Wing                     Time % Phy DF OF 
 1 Tyler Seguin             Ryan Johansen            60     1   2  2  
 2 Milan Lucic              Carl Soderberg           40     1   2  2  

Penalty Kill 4 Players Defense
   Defense                  Defense                  Time % Phy DF OF 
 1 Duncan Keith             Adam McQuaid             60     1   2  2  
 2 Keith Yandle             Ladislav Smid            40     1   2  2  

Penalty Kill - 3 Players Forward 
   Forward                                           Time % Phy DF OF 
 1 Tyler Seguin                                      60     1   2  2  
 2 Ryan Johansen                                     40     1   2  2  

Penalty Kill - 3 Players Defense
   Defense                  Defense                  Time % Phy DF OF 
 1 Duncan Keith             Adam McQuaid             60     1   2  2  
 2 Keith Yandle             Ladislav Smid            40     1   2  2  

4 vs 4 Forward 
   Center                   Wing                     Time % Phy DF OF 
 1 Tyler Seguin             Ryan Johansen            60     1   2  2  
 2 Milan Lucic              Mika Zibanejad           40     1   2  2  

4 vs 4 Defense
   Defense                  Defense                  Time % Phy DF OF 
 1 Duncan Keith             Cam Fowler               60     1   2  2  
 2 Keith Yandle             Ladislav Smid            40     1   2  2  

Last Minutes Offensive
   Center                   Left Wing                Right Wing               Defense                  Defense                  
   Tyler Seguin             Milan Lucic              Mika Zibanejad           Duncan Keith             Cam Fowler               

Last Minutes Defensive
   Center                   Left Wing                Right Wing               Defense                  Defense                  
   Tyler Seguin             Milan Lucic              Mika Zibanejad           Duncan Keith             Cam Fowler               

Goaltenders
Starting : Jonas Gustavsson         
Backup : Tuukka Rask              

Extra Forwards
Normal : Tyler Seguin, Brenden Morrow, Ryan Malone - PP : Tyler Seguin, Brenden Morrow - PK : Ryan Malone
Extra Defensemen
Normal : Duncan Keith, Adam McQuaid, Keith Yandle - PP : Duncan Keith - PK : Adam McQuaid, Keith Yandle
Penalty Shots
Tyler Seguin, Ryan Johansen, Milan Lucic, Mika Zibanejad, Tomas Kopecky

Blues

5 vs 5 Forward 
   Center                   Left Wing                Right Wing               Time % Phy DF OF 
 1 Sean Couturier           Johan Franzen            Rick Nash                35     1   1  3  
 2 Steve Ott                Brandon Saad             Tomas Tatar              32     1   1  3  
 3 Joe Vitale               Artem Anisimov           Cam Atkinson             21     1   3  1  
 4 Andrew Desjardins        Anders Lee               Tomas Tatar              12     1   3  1  

5 vs 5 Defense 
   Defense                  Defense                                           Time % Phy DF OF 
 1 Zdeno Chara              Bryan Allen                                       35     1   3  1  
 2 Kevan Miller             Josh Gorges                                       32     1   3  1  
 3 Mark Fayne               Matt Donovan                                      21     1   3  1  
 4 Bryan Allen              Hampus Lindholm                                   12     1   3  1  

PowerPlay Forward 
   Center                   Left Wing                Right Wing               Time % Phy DF OF 
 1 Sean Couturier           Brandon Saad             Rick Nash                50     1   1  3  
 2 Anders Lee               Johan Franzen            Tomas Tatar              50     1   1  3  

PowerPlay Defense
   Defense                  Defense                                           Time % Phy DF OF 
 1 Zdeno Chara              Josh Gorges                                       50     1   1  3  
 2 Hampus Lindholm          Matt Donovan                                      50     1   1  3  

Penalty Kill 4 Players Forward 
   Center                   Wing                     Time % Phy DF OF 
 1 Sean Couturier           Brandon Saad             50     1   3  1  
 2 Joe Vitale               Johan Franzen            50     1   3  1  

Penalty Kill 4 Players Defense
   Defense                  Defense                  Time % Phy DF OF 
 1 Zdeno Chara              Bryan Allen              50     1   3  1  
 2 Josh Gorges              Kevan Miller             50     1   3  1  

Penalty Kill - 3 Players Forward 
   Forward                                           Time % Phy DF OF 
 1 Sean Couturier                                    50     1   4  0  
 2 Artem Anisimov                                    50     1   4  0  

Penalty Kill - 3 Players Defense
   Defense                  Defense                  Time % Phy DF OF 
 1 Zdeno Chara              Bryan Allen              50     1   4  0  
 2 Josh Gorges              Kevan Miller             50     1   4  0  

4 vs 4 Forward 
   Center                   Wing                     Time % Phy DF OF 
 1 Sean Couturier           Rick Nash                50     1   3  1  
 2 Johan Franzen            Anders Lee               50     1   3  1  

4 vs 4 Defense
   Defense                  Defense                  Time % Phy DF OF 
 1 Zdeno Chara              Josh Gorges              50     1   3  1  
 2 Matt Donovan             Bryan Allen              50     1   3  1  

Last Minutes Offensive
   Center                   Left Wing                Right Wing               Defense                  Defense                  
   Sean Couturier           Brandon Saad             Rick Nash                Zdeno Chara              Josh Gorges              

Last Minutes Defensive
   Center                   Left Wing                Right Wing               Defense                  Defense                  
   Sean Couturier           Steve Ott                Rick Nash                Zdeno Chara              Josh Gorges              

Goaltenders
Starting : Henrik Lundqvist         
Backup : Frederik Andersen        

Extra Forwards
Normal : Tomas Tatar, Cam Atkinson, Andrew Desjardins - PP : Tomas Tatar, Cam Atkinson - PK : Andrew Desjardins
Extra Defensemen
Normal : Kevan Miller, Bryan Allen, Josh Gorges - PP : Kevan Miller - PK : Zdeno Chara, Josh Gorges
Penalty Shots
Sean Couturier, Steve Ott, Rick Nash, Johan Franzen, Artem Anisimov

% Time on Ice - Kings

Lines # - Real PCT - Wanted PCT - Time Play
Normal Forward
1 - 30% - 35% - 14:12
2 - 23% - 30% - 11:07
3 - 31% - 22% - 14:44
4 - 16% - 13% - 7:49
Normal Defense
1 - 31% - 35% - 14:41
2 - 33% - 30% - 15:57
3 - 25% - 22% - 12:11
4 - 11% - 13% - 5:03
PP Forward
1 - 62% - 60% - 5:01
2 - 38% - 40% - 3:02
PP Defense
1 - 60% - 60% - 4:48
2 - 40% - 40% - 3:15
PK Forward
1 - 83% - 60% - 3:24
2 - 17% - 40% - 0:41
PK Defense
1 - 50% - 60% - 2:02
2 - 50% - 40% - 2:03
PK3 Forward
1 - 0% - 60%
2 - 0% - 40%
PK3 Defense
1 - 0% - 60%
2 - 0% - 40%
44 Forward
1 - 0% - 60%
2 - 0% - 40%
44 Defense
1 - 0% - 60%
2 - 0% - 40%
Last Minute Offensive  - 0:00
Last Minute Defensive  - 0:00
Total
Forward - 60:00
Defense - 60:00

% Time on Ice - Blues

Lines # - Real PCT - Wanted PCT - Time Play
Normal Forward
1 - 30% - 35% - 14:30
2 - 26% - 32% - 12:35
3 - 28% - 21% - 13:34
4 - 15% - 12% - 7:13
Normal Defense
1 - 35% - 35% - 16:31
2 - 33% - 32% - 15:46
3 - 25% - 21% - 11:53
4 - 8% - 12% - 3:42
PP Forward
1 - 49% - 50% - 1:59
2 - 51% - 50% - 2:06
PP Defense
1 - 55% - 50% - 2:14
2 - 45% - 50% - 1:51
PK Forward
1 - 49% - 50% - 3:59
2 - 51% - 50% - 4:04
PK Defense
1 - 39% - 50% - 3:08
2 - 61% - 50% - 4:55
PK3 Forward
1 - 0% - 50%
2 - 0% - 50%
PK3 Defense
1 - 0% - 50%
2 - 0% - 50%
44 Forward
1 - 0% - 50%
2 - 0% - 50%
44 Defense
1 - 0% - 50%
2 - 0% - 50%
Last Minute Offensive  - 0:00
Last Minute Defensive  - 0:00
Total
Forward - 60:00
Defense - 60:00

Play by Play

1st period


0:01 of 1st period - Sean Couturier wins face-off versus Tyler Seguin in neutral zone.
1:06 of 1st period - Tomas Kopecky is hit by Steve Ott and loses puck.
1:53 of 1st period - Kevan Miller is hit by Vincent Trocheck and loses puck.
2:44 of 1st period - Sean Couturier is hit by Mika Zibanejad.
3:07 of 1st period - Snap shot by Rick Nash.
3:07 of 1st period - Stopped by Jonas Gustavsson with a rebound.
3:13 of 1st period - Minor Penalty to Adam McQuaid for Slashing.
3:14 of 1st period - Sean Couturier wins face-off versus Tyler Seguin in Kings zone.
3:35 of 1st period - Snap shot by Brandon Saad.
3:35 of 1st period - Shot Blocked by Keith Yandle.
4:21 of 1st period - Ryan Johansen is hit by Matt Donovan and loses puck.
5:13 of 1st period - Penalty to Adam McQuaid is over, Adam McQuaid is back on ice.
5:27 of 1st period - Snap shot by Cam Atkinson.
5:27 of 1st period - Stopped by Jonas Gustavsson with a rebound.
5:29 of 1st period - Snap shot by Joe Vitale.
5:29 of 1st period - Stopped by Jonas Gustavsson with a rebound.
5:31 of 1st period - Slapshot by Josh Gorges.
5:31 of 1st period - Deflect By Cam Atkinson.
5:31 of 1st period - Shot Misses the Net.
5:31 of 1st period - Puck is out of play.
5:32 of 1st period - Joe Vitale wins face-off versus Vincent Trocheck in Kings zone.
6:29 of 1st period - Andrew Desjardins is hit by Ryan Malone and loses puck.
7:18 of 1st period - Keith Yandle is hit by Sean Couturier and loses puck.
7:39 of 1st period - Wrist shot by Cam Atkinson.
7:39 of 1st period - Stopped by Jonas Gustavsson with a rebound.
7:41 of 1st period - Snap shot by Artem Anisimov.
7:41 of 1st period - Shot Blocked by Ladislav Smid.
7:43 of 1st period - Wrist shot by Cam Atkinson.
7:43 of 1st period - Deflect By Artem Anisimov.
7:43 of 1st period - Shot Blocked by Ladislav Smid.
7:43 of 1st period - Puck is out of play.
7:44 of 1st period - Joe Vitale wins face-off versus Tyler Seguin in Kings zone.
8:54 of 1st period - Off-side.
8:55 of 1st period - Ryan Johansen wins face-off versus Andrew Desjardins in neutral zone.
9:00 of 1st period - Slapshot by Keith Yandle.
9:00 of 1st period - Deflect By Bryan Allen.
9:00 of 1st period - Stopped by Henrik Lundqvist without a rebound.
9:01 of 1st period - Joe Vitale wins face-off versus Ryan Johansen in Blues zone.
9:14 of 1st period - Joe Vitale is hit by Tomas Kopecky and loses puck.
10:21 of 1st period - Slapshot by Tyler Seguin.
10:21 of 1st period - Deflect By Mika Zibanejad.
10:21 of 1st period - Shot Blocked by Josh Gorges.
10:21 of 1st period - Puck is out of play.
10:22 of 1st period - Joe Vitale wins face-off versus Tomas Kopecky in Blues zone.
10:22 of 1st period - Joe Vitale is hit by Ryan Johansen.
11:07 of 1st period - Snap shot by Tyler Seguin.
11:07 of 1st period - Stopped by Henrik Lundqvist without a rebound.
11:08 of 1st period - Tyler Seguin wins face-off versus Steve Ott in Blues zone.
11:17 of 1st period - Snap shot by Tyler Seguin.
11:17 of 1st period - Shot Misses the Net.
12:02 of 1st period - Snap shot by Rick Nash.
12:02 of 1st period - Stopped by Jonas Gustavsson with a rebound.
12:06 of 1st period - Snap shot by Rick Nash.
12:06 of 1st period - Stopped by Jonas Gustavsson with a rebound.
12:42 of 1st period - Artem Anisimov is hit by Ryan Johansen and loses puck.
13:21 of 1st period - Minor Penalty to Rick Nash for Roughing.
13:22 of 1st period - Sean Couturier wins face-off versus Ryan Johansen in Blues zone.
14:19 of 1st period - Wrist shot by Sean Couturier.
14:19 of 1st period - Shot Misses the Net.
15:21 of 1st period - Penalty to Rick Nash is over, Rick Nash is back on ice.
15:26 of 1st period - Snap shot by Ryan Johansen.
15:26 of 1st period - Shot Blocked by Kevan Miller.
15:38 of 1st period - Snap shot by Ryan Johansen.
15:38 of 1st period - Stopped by Henrik Lundqvist with a rebound.
16:12 of 1st period - Snap shot by Vincent Trocheck.
16:12 of 1st period - Shot Blocked by Andrew Desjardins.
16:45 of 1st period - Brenden Morrow is hit by Artem Anisimov and loses puck.
16:52 of 1st period - Snap shot by Cam Atkinson.
16:52 of 1st period - Shot Misses the Net.
17:02 of 1st period - Snap shot by Brandon Saad.
17:02 of 1st period - Shot Blocked by Ladislav Smid.
17:04 of 1st period - Snap shot by Steve Ott.
17:04 of 1st period - Stopped by Jonas Gustavsson with a rebound.
18:17 of 1st period - Minor Penalty to Steve Ott for Tripping.
18:18 of 1st period - Tyler Seguin wins face-off versus Sean Couturier in Blues zone.
18:20 of 1st period - Slapshot by Mika Zibanejad.
18:20 of 1st period - Stopped by Henrik Lundqvist without a rebound.
18:21 of 1st period - Sean Couturier wins face-off versus Tyler Seguin in Blues zone.
18:30 of 1st period - Slapshot by Brandon Saad.
18:30 of 1st period - Stopped by Jonas Gustavsson with a rebound.
Goals for this period are 0 for Kings vs 0 for Blues.
Shots for this period are 4 for Kings vs 8 for Blues.

2nd period


0:01 of 2nd period - Tyler Seguin wins face-off versus Joe Vitale in neutral zone.
0:17 of 2nd period - Penalty to Steve Ott is over, Steve Ott is back on ice.
1:20 of 2nd period - Kevan Miller is hit by Tomas Kopecky.
1:33 of 2nd period - Off-side.
1:34 of 2nd period - Joe Vitale wins face-off versus Vincent Trocheck in neutral zone.
1:59 of 2nd period - Artem Anisimov is hit by Vincent Trocheck and loses puck.
2:38 of 2nd period - Adam McQuaid is hit by Matt Donovan and loses puck.
3:40 of 2nd period - Henrik Tallinder is hit by Anders Lee and loses puck.
4:14 of 2nd period - Slapshot by Zdeno Chara.
4:14 of 2nd period - Deflect By Cam Atkinson.
4:14 of 2nd period - Shot Blocked by Keith Yandle.
4:14 of 2nd period - Puck is out of play.
4:15 of 2nd period - Vincent Trocheck wins face-off versus Joe Vitale in Kings zone.
4:15 of 2nd period - Vincent Trocheck is hit by Joe Vitale.
4:25 of 2nd period - Snap shot by Keith Yandle.
4:25 of 2nd period - Stopped by Henrik Lundqvist without a rebound.
4:26 of 2nd period - Sean Couturier wins face-off versus Tyler Seguin in Blues zone.
5:02 of 2nd period - Off-side.
5:03 of 2nd period - Joe Vitale wins face-off versus Vincent Trocheck in neutral zone.
5:14 of 2nd period - Snap shot by Cam Fowler.
5:14 of 2nd period - Stopped by Henrik Lundqvist with a rebound.
5:16 of 2nd period - Snap shot by Brenden Morrow.
5:16 of 2nd period - Shot Misses the Net.
5:18 of 2nd period - Slapshot by Duncan Keith.
5:18 of 2nd period - Stopped by Henrik Lundqvist with a rebound.
5:20 of 2nd period - Snap shot by Matt Cullen.
5:20 of 2nd period - Shot Misses the Net.
5:22 of 2nd period - Slapshot by Cam Fowler.
5:22 of 2nd period - Shot Blocked by Josh Gorges.
5:24 of 2nd period - Slapshot by Cam Fowler.
5:24 of 2nd period - Shot Blocked by Kevan Miller.
5:26 of 2nd period - Wrist shot by Matt Cullen.
5:26 of 2nd period - Stopped by Henrik Lundqvist without a rebound.
5:27 of 2nd period - Steve Ott wins face-off versus Ryan Johansen in Blues zone.
5:43 of 2nd period - Off-side.
5:44 of 2nd period - Steve Ott wins face-off versus Carl Soderberg in neutral zone.
6:35 of 2nd period - Zdeno Chara is hit by Milan Lucic and loses puck.
6:44 of 2nd period - Snap shot by Mika Zibanejad.
6:44 of 2nd period - Stopped by Henrik Lundqvist with a rebound.
6:48 of 2nd period - Snap shot by Milan Lucic.
6:48 of 2nd period - Shot Misses the Net.
7:12 of 2nd period - Slapshot by Vincent Trocheck.
7:12 of 2nd period - Shot Misses the Net.
7:28 of 2nd period - Ladislav Smid is hit by Bryan Allen.
7:32 of 2nd period - Keith Yandle is hit by Kevan Miller and loses puck.
8:44 of 2nd period - Minor Penalty to John Erskine for Roughing.
8:45 of 2nd period - Tyler Seguin wins face-off versus Sean Couturier in Kings zone.
8:59 of 2nd period - Slapshot by Hampus Lindholm.
8:59 of 2nd period - Stopped by Jonas Gustavsson without a rebound.
9:00 of 2nd period - Tyler Seguin wins face-off versus Sean Couturier in Kings zone.
9:43 of 2nd period - Snap shot by Tomas Tatar.
9:43 of 2nd period - Shot Misses the Net.
10:07 of 2nd period - Snap shot by Brandon Saad.
10:07 of 2nd period - Goal by Brandon Saad - Kings : 0 - Blues : 1.
10:08 of 2nd period - Joe Vitale wins face-off versus Vladislav Namestnikov in neutral zone.
11:02 of 2nd period - Brandon Saad is hit by Vincent Trocheck and loses puck.
11:07 of 2nd period - Slapshot by Keith Yandle.
11:07 of 2nd period - Shot Blocked by Zdeno Chara.
11:29 of 2nd period - Slapshot by Keith Yandle.
11:29 of 2nd period - Stopped by Henrik Lundqvist with a rebound.
11:31 of 2nd period - Snap shot by Ladislav Smid.
11:31 of 2nd period - Shot Blocked by Zdeno Chara.
11:43 of 2nd period - Slapshot by Tyler Seguin.
11:43 of 2nd period - Shot Blocked by Zdeno Chara.
11:45 of 2nd period - Slapshot by Keith Yandle.
11:45 of 2nd period - Stopped by Henrik Lundqvist with a rebound.
11:47 of 2nd period - Snap shot by Tyler Seguin.
11:47 of 2nd period - Shot Blocked by Zdeno Chara.
11:49 of 2nd period - Wrist shot by Tyler Seguin.
11:49 of 2nd period - Shot Misses the Net.
11:51 of 2nd period - Snap shot by Tyler Seguin.
11:51 of 2nd period - Stopped by Henrik Lundqvist with a rebound.
11:53 of 2nd period - Slapshot by Ladislav Smid.
11:53 of 2nd period - Shot Misses the Net.
12:34 of 2nd period - Minor Penalty to Kevan Miller for High sticking.
12:35 of 2nd period - Milan Lucic wins face-off versus Joe Vitale in Blues zone.
12:53 of 2nd period - Slapshot by Milan Lucic.
12:53 of 2nd period - Shot Misses the Net.
12:55 of 2nd period - Snap shot by Milan Lucic.
12:55 of 2nd period - Shot Blocked by Bryan Allen.
12:57 of 2nd period - Snap shot by Duncan Keith.
12:57 of 2nd period - Shot Misses the Net.
12:59 of 2nd period - Wrist shot by Milan Lucic.
12:59 of 2nd period - Shot Misses the Net.
13:43 of 2nd period - Icing by Mika Zibanejad.
13:44 of 2nd period - Tyler Seguin wins face-off versus Sean Couturier in Kings zone.
14:34 of 2nd period - Penalty to Kevan Miller is over, Kevan Miller is back on ice.
14:40 of 2nd period - Tyler Seguin is hit by Andrew Desjardins and loses puck.
16:17 of 2nd period - Mark Fayne is hit by Vincent Trocheck and loses puck.
16:39 of 2nd period - Slapshot by Duncan Keith.
16:39 of 2nd period - Stopped by Henrik Lundqvist with a rebound.
16:43 of 2nd period - Wrist shot by Carl Soderberg.
16:43 of 2nd period - Shot Blocked by Sean Couturier.
18:00 of 2nd period - Slapshot by Duncan Keith.
18:00 of 2nd period - Shot Misses the Net.
18:02 of 2nd period - Backhand shot by John Erskine.
18:02 of 2nd period - Stopped by Henrik Lundqvist without a rebound.
18:03 of 2nd period - Ryan Johansen wins face-off versus Andrew Desjardins in Blues zone.
18:04 of 2nd period - Snap shot by Tomas Kopecky.
18:04 of 2nd period - Stopped by Henrik Lundqvist with a rebound.
18:06 of 2nd period - Snap shot by Ryan Johansen.
18:06 of 2nd period - Shot Misses the Net.
18:15 of 2nd period - Minor Penalty to Andrew Desjardins for Hooking.
18:16 of 2nd period - Sean Couturier wins face-off versus Tyler Seguin in Blues zone.
18:53 of 2nd period - Slapshot by Duncan Keith.
18:53 of 2nd period - Shot Blocked by Zdeno Chara.
19:35 of 2nd period - Bryan Allen is hit by Ladislav Smid and loses puck.
19:40 of 2nd period - Slapshot by Keith Yandle.
19:40 of 2nd period - Stopped by Henrik Lundqvist with a rebound.
19:42 of 2nd period - Slapshot by Tomas Kopecky.
19:42 of 2nd period - Deflect By Ryan Johansen.
19:42 of 2nd period - Shot Misses the Net.
19:42 of 2nd period - Puck is out of play.
19:43 of 2nd period - Carl Soderberg wins face-off versus Sean Couturier in Blues zone.
Goals for this period are 0 for Kings vs 1 for Blues.
Shots for this period are 12 for Kings vs 2 for Blues.

3rd period


0:01 of 3rd period - Joe Vitale wins face-off versus Tyler Seguin in neutral zone.
0:15 of 3rd period - Penalty to Andrew Desjardins is over, Andrew Desjardins is back on ice.
0:57 of 3rd period - Ladislav Smid is hit by Bryan Allen and loses puck.
1:38 of 3rd period - Snap shot by Johan Franzen.
1:38 of 3rd period - Goal by Johan Franzen - Kings : 0 - Blues : 2.
1:39 of 3rd period - Vincent Trocheck wins face-off versus Sean Couturier in neutral zone.
1:50 of 3rd period - Snap shot by Vincent Trocheck.
1:50 of 3rd period - Shot Misses the Net.
2:17 of 3rd period - Duncan Keith is hit by Mark Fayne.
2:34 of 3rd period - Cam Fowler is hit by Tomas Tatar and loses puck.
2:43 of 3rd period - Josh Gorges is hit by Ryan Johansen and loses puck.
3:34 of 3rd period - Slapshot by Artem Anisimov.
3:34 of 3rd period - Shot Blocked by Ladislav Smid.
3:36 of 3rd period - Wrist shot by Cam Atkinson.
3:36 of 3rd period - Shot Misses the Net.
3:38 of 3rd period - Slapshot by Zdeno Chara.
3:38 of 3rd period - Stopped by Jonas Gustavsson without a rebound.
3:39 of 3rd period - Andrew Desjardins wins face-off versus Vladislav Namestnikov in Kings zone.
8:28 of 3rd period - Ladislav Smid is hit by Steve Ott and loses puck.
10:37 of 3rd period - Slapshot by Mika Zibanejad.
10:37 of 3rd period - Stopped by Henrik Lundqvist with a rebound.
10:39 of 3rd period - Slapshot by Ladislav Smid.
10:39 of 3rd period - Stopped by Henrik Lundqvist without a rebound.
10:40 of 3rd period - Sean Couturier wins face-off versus Mika Zibanejad in Blues zone.
10:53 of 3rd period - Snap shot by Keith Yandle.
10:53 of 3rd period - Stopped by Henrik Lundqvist without a rebound.
10:54 of 3rd period - Ryan Johansen wins face-off versus Cam Atkinson in Blues zone.
11:01 of 3rd period - Slapshot by Cam Atkinson.
11:01 of 3rd period - Goal by Cam Atkinson - Kings : 0 - Blues : 3.
11:02 of 3rd period - Vincent Trocheck wins face-off versus Sean Couturier in neutral zone.
11:20 of 3rd period - Snap shot by Johan Franzen.
11:20 of 3rd period - Shot Blocked by Vincent Trocheck.
11:41 of 3rd period - Snap shot by Tomas Tatar.
11:41 of 3rd period - Shot Misses the Net.
11:43 of 3rd period - Slapshot by Brandon Saad.
11:43 of 3rd period - Shot Misses the Net.
11:45 of 3rd period - Snap shot by Steve Ott.
11:45 of 3rd period - Stopped by Jonas Gustavsson with a rebound.
11:47 of 3rd period - Snap shot by Mark Fayne.
11:47 of 3rd period - Shot Blocked by Cam Fowler.
12:08 of 3rd period - Bryan Allen is hit by Tyler Seguin.
12:18 of 3rd period - Josh Gorges is hit by Mika Zibanejad and loses puck.
12:27 of 3rd period - Slapshot by Cam Atkinson.
12:27 of 3rd period - Stopped by Jonas Gustavsson with a rebound.
12:57 of 3rd period - Snap shot by Ryan Johansen.
12:57 of 3rd period - Shot Blocked by Sean Couturier.
12:59 of 3rd period - Slapshot by Keith Yandle.
12:59 of 3rd period - Deflect By Sean Couturier.
12:59 of 3rd period - Stopped by Henrik Lundqvist with a rebound.
13:01 of 3rd period - Snap shot by Tomas Kopecky.
13:01 of 3rd period - Deflect By Johan Franzen.
13:01 of 3rd period - Goal by Tomas Kopecky - Kings : 1 - Blues : 3.
13:02 of 3rd period - Steve Ott wins face-off versus Tyler Seguin in neutral zone.
13:05 of 3rd period - Snap shot by Brandon Saad.
13:05 of 3rd period - Stopped by Jonas Gustavsson with a rebound.
13:07 of 3rd period - Snap shot by Steve Ott.
13:07 of 3rd period - Stopped by Jonas Gustavsson with a rebound.
13:56 of 3rd period - Kevan Miller is hit by Ladislav Smid.
14:21 of 3rd period - Off-side.
14:22 of 3rd period - Matt Cullen wins face-off versus Sean Couturier in neutral zone.
14:31 of 3rd period - Snap shot by Vincent Trocheck.
14:31 of 3rd period - Shot Misses the Net.
14:37 of 3rd period - Slapshot by Duncan Keith.
14:37 of 3rd period - Stopped by Henrik Lundqvist with a rebound.
14:39 of 3rd period - Slapshot by Duncan Keith.
14:39 of 3rd period - Deflect By Sean Couturier.
14:39 of 3rd period - Stopped by Henrik Lundqvist without a rebound.
14:40 of 3rd period - Vladislav Namestnikov wins face-off versus Steve Ott in Blues zone.
14:44 of 3rd period - Minor Penalty to Steve Ott for Hooking.
14:45 of 3rd period - Tyler Seguin wins face-off versus Joe Vitale in Blues zone.
14:45 of 3rd period - Wrist shot by Milan Lucic.
14:45 of 3rd period - Stopped by Henrik Lundqvist with a rebound.
14:47 of 3rd period - Slapshot by Cam Fowler.
14:47 of 3rd period - Stopped by Henrik Lundqvist with a rebound.
14:49 of 3rd period - Slapshot by Duncan Keith.
14:49 of 3rd period - Stopped by Henrik Lundqvist with a rebound.
14:51 of 3rd period - Slapshot by Cam Fowler.
14:51 of 3rd period - Goal by Cam Fowler - Kings : 2 - Blues : 3.
14:52 of 3rd period - Sean Couturier wins face-off versus Tyler Seguin in neutral zone.
15:18 of 3rd period - Off-side.
15:19 of 3rd period - Ryan Johansen wins face-off versus Steve Ott in neutral zone.
15:29 of 3rd period - Wrist shot by Brandon Saad.
15:29 of 3rd period - Stopped by Jonas Gustavsson with a rebound.
15:31 of 3rd period - Slapshot by Josh Gorges.
15:31 of 3rd period - Shot Blocked by Ladislav Smid.
15:33 of 3rd period - Wrist shot by Tomas Tatar.
15:33 of 3rd period - Stopped by Jonas Gustavsson with a rebound.
15:35 of 3rd period - Backhand shot by Kevan Miller.
15:35 of 3rd period - Shot Misses the Net.
15:37 of 3rd period - Slapshot by Josh Gorges.
15:37 of 3rd period - Stopped by Jonas Gustavsson with a rebound.
15:43 of 3rd period - Snap shot by Tomas Tatar.
15:43 of 3rd period - Shot Hit the Post.
16:17 of 3rd period - Kevan Miller is hit by Brenden Morrow and loses puck.
16:52 of 3rd period - Bryan Allen is hit by Milan Lucic and loses puck.
17:01 of 3rd period - Snap shot by Tyler Seguin.
17:01 of 3rd period - Shot Blocked by Sean Couturier.
17:15 of 3rd period - Bryan Allen is hit by Duncan Keith and loses puck.
17:57 of 3rd period - Snap shot by Tomas Tatar.
17:57 of 3rd period - Shot Misses the Net.
17:59 of 3rd period - Snap shot by Tomas Tatar.
17:59 of 3rd period - Shot Misses the Net.
18:15 of 3rd period - Snap shot by Cam Atkinson.
18:15 of 3rd period - Shot Misses the Net.
18:17 of 3rd period - Slapshot by Matt Donovan.
18:17 of 3rd period - Stopped by Jonas Gustavsson without a rebound.
18:18 of 3rd period - Joe Vitale wins face-off versus Brenden Morrow in Kings zone.
18:43 of 3rd period - Slapshot by Brenden Morrow.
18:43 of 3rd period - Shot Misses the Net.
18:45 of 3rd period - Slapshot by John Erskine.
18:45 of 3rd period - Deflect By Vincent Trocheck.
18:45 of 3rd period - Stopped by Henrik Lundqvist with a rebound.
18:47 of 3rd period - Wrist shot by John Erskine.
18:47 of 3rd period - Stopped by Henrik Lundqvist with a rebound.
18:49 of 3rd period - Slapshot by Adam McQuaid.
18:49 of 3rd period - Deflect By Vincent Trocheck.
18:49 of 3rd period - Shot Misses the Net.
18:49 of 3rd period - Puck is out of play.
18:50 of 3rd period - Freddy Meyer call a timeout for Kings.
18:50 of 3rd period - Tyler Seguin wins face-off versus Sean Couturier in Blues zone.
18:50 of 3rd period - Tyler Seguin is hit by Bryan Allen.
18:52 of 3rd period - Slapshot by Keith Yandle.
18:52 of 3rd period - Stopped by Henrik Lundqvist with a rebound.
18:59 of 3rd period - Off-side.
19:00 of 3rd period - Sean Couturier wins face-off versus Tyler Seguin in neutral zone.
19:16 of 3rd period - Minor Penalty to Ladislav Smid for Tripping.
19:17 of 3rd period - Tyler Seguin wins face-off versus Anders Lee in Kings zone.
Goals for this period are 2 for Kings vs 2 for Blues.
Shots for this period are 14 for Kings vs 11 for Blues.


Output by the SimonT Hockey Simulator (STHS) for Eric Dolegowski -- Original Page W3C XHTML 1.0 Valid
Hockey Simulator - Hockey Simulation - Hockey Manager